Map: Shrines of Lizul

Players

JassAxl

  • Race: Protoss Protoss
  • Spawn Location: 12:00

NeoAQP

  • Race: Protoss Protoss
  • Spawn Location: 3:00

Subwaymaker - Winner!

  • Race: Protoss Protoss
  • League: Gold
  • Spawn Location: 6:00

Mesrob - Winner!

  • Race: Terran Terran
  • League: Platinum
  • Spawn Location: 9:00

VOD

Have the link to the VOD?

Description

Time

  • Played on: March 17, 2019, 10:40 p.m.
  • Length: 15:43
Show
View Real Time Build Order
Export as new Build Order

JassAxl Protoss 

Build Orders:  

Get SALT Encoding   

  1  0:00  Probe  
  13  0:07  Probe  
  14  0:16  Probe  
  15  0:26  Pylon  
  15  0:44  Probe  
  15  0:49  Gateway  
  16  0:55  Forge  
  16  1:02  Assimilator  
  16  1:05  Probe  
  16  1:06  Assimilator  
  17  1:13  Probe  
  18  1:23  Probe  
  19  1:26  Gateway  
  19  1:39  Cybernetics Core  
  19  1:43  Pylon  
  19  1:54  Probe  
  20  2:06  Probe  
  21  2:15  Probe  
  21  2:16  Stalker x2  
  26  2:23  Probe  
  27  2:45  Stalker  
  27  2:46  Stalker  
  27  2:50  Gateway  
  31  2:54  Pylon  
  31  2:59  Pylon  
  31  3:04  Pylon  
  31  3:16  Stalker  
  33  3:20  Stalker  
  35  3:45  Stalker  
  35  3:46  Stalker  
  39  3:50  Stalker  
  35  4:15  Stalker  
  35  4:16  Stalker  
  37  4:19  Stalker  
  35  4:45  Stalker  
  35  4:46  Stalker  
  35  4:49  Stalker  
  41  5:15  Stalker  
  41  5:16  Stalker  
  27  5:59  Stalker  
  27  6:00  Stalker x2  
  33  6:22  Nexus  
  33  6:28  Twilight Council  
  33  6:29  Stalker  
  33  6:30  Stalker  
  37  6:33  Assimilator  
  37  6:35  Assimilator  
  37  6:41  Pylon  
  37  6:55  Warp Gate  
  37  6:59  Stalker  
  37  7:00  Robotics Facility  
  39  7:08  Dark Shrine  
  39  7:44  Probe  
  40  7:52  Probe  
  41  8:01  Probe, Gateway  
  42  8:06  Gateway  
  42  8:09  Warp Prism  
  44  9:17  Dark Templar  
  44  9:18  Dark Templar x2  
  44  9:19  Dark Templar x2  
  40  10:00  Stalker x3  
  40  10:01  Stalker x2  
  50  10:15  Robotics Facility  
  50  10:17  Robotics Facility  
  50  10:18  Immortal  
  54  10:30  Pylon  
  54  10:37  Probe  
  55  10:45  Probe  
  56  10:50  Pylon  
  56  10:53  Pylon  
  56  10:55  Probe  
  56  11:03  Charge  
  57  11:07  Probe  
  58  11:17  Immortal  
  62  11:19  Probe  
  62  11:21  Immortal  
  67  11:27  Immortal  
  71  11:46  Probe  
  72  11:54  Probe  
  73  12:04  Probe  
  74  12:16  Probe  
  75  12:28  Immortal x2  
  83  12:44  Protoss Shields Level 1  
  83  12:48  Pylon  
  83  12:50  Pylon  
  83  13:04  Zealot x2  
  83  13:05  Zealot x3  
  91  13:08  Blink  
  93  13:36  Forge  
  93  13:45  Zealot x3  
Show
View Real Time Build Order
Export as new Build Order

NeoAQP Protoss 

Build Orders:  

Get SALT Encoding   

  12  0:01  Probe  
  13  0:09  Probe  
  14  0:18  Probe  
  15  0:37  Pylon  
  15  0:42  Assimilator  
  15  0:48  Assimilator  
  15  0:59  Gateway  
  15  1:02  Forge  
  15  1:04  Probe  
  16  1:12  Probe  
  17  1:27  Gateway  
  17  1:34  Probe, Gateway  
  18  1:51  Cybernetics Core  
  18  1:53  Probe  
  19  2:01  Probe  
  20  2:28  Stalker  
  22  2:36  Pylon  
  22  2:42  Pylon  
  22  2:54  Stalker x2  
  26  3:00  Stalker  
  28  3:10  Probe  
  29  3:24  Stalker x2  
  33  3:30  Stalker, Protoss Ground Weapons Level 1  
  35  3:54  Pylon, Stalker x2  
  35  4:34  Stalker  
  35  4:35  Stalker x2  
  31  5:04  Stalker x2  
  31  5:06  Stalker  
  35  5:34  Stalker x2  
  33  5:41  Stalker  
  33  6:04  Stalker x2  
  33  6:10  Probe  
  33  6:11  Stalker  
  40  6:18  Probe  
  41  6:29  Probe  
  42  6:34  Stalker x2  
  42  6:35  Twilight Council  
  42  6:39  Pylon  
  46  6:48  Photon Cannon  
  46  6:57  Stalker, Photon Cannon  
  48  7:23  Nexus  
  48  7:27  Charge  
  48  7:40  Robotics Facility  
  48  7:51  Pylon, Protoss Ground Armor Level 1  
  48  7:55  Assimilator  
  48  7:59  Assimilator  
  48  8:15  Probe  
  49  8:23  Probe  
  49  8:31  Probe  
  51  8:43  Probe  
  51  8:48  Probe  
  54  8:55  Probe  
  54  8:56  Probe  
  54  8:58  Observer  
  56  9:05  Probe  
  56  9:08  Blink  
  57  9:17  Probe  
  57  9:18  Photon Cannon  
  57  9:19  Observer  
  59  9:24  Photon Cannon  
  59  9:29  Pylon, Probe  
  60  9:41  Observer  
  60  9:43  Protoss Ground Weapons Level 2  
  61  9:49  Photon Cannon  
  61  9:54  Zealot x3  
  67  10:00  Probe  
  68  10:08  Probe  
  68  10:09  Probe  
  70  10:21  Probe, Zealot  
  70  10:24  Immortal  
  77  11:03  Observer  
  77  11:05  Zealot x3  
  83  11:15  Robotics Facility  
  83  11:25  Observer  
  84  11:32  Nexus  
  84  11:45  Zealot  
  86  12:07  Dark Shrine  
  86  12:12  Forge  
  86  12:17  Robotics Facility  
  86  12:37  Pylon  
  86  12:39  Pylon  
  86  12:42  Pylon  
  86  12:44  Pylon, Immortal, Probe, Zealot x2  
  95  12:47  Pylon  
  95  12:51  Pylon  
  95  12:53  Pylon  
  95  12:54  Probe  
  95  12:55  Probe  
  95  12:56  Probe  
  98  13:03  Probe  
  98  13:06  Probe  
  98  13:08  Probe, Robotics Facility  
  98  13:12  Pylon  
  101  13:17  Assimilator  
  101  13:18  Probe  
  102  13:20  Probe  
  102  13:21  Assimilator  
  102  13:23  Immortal  
  107  13:32  Probe  
  108  13:44  Probe  
  109  13:52  Probe  
  109  13:58  Robotics Bay  
  109  14:01  Forge  
  111  14:02  Observer  
  111  14:06  Cybernetics Core  
  111  14:20  Stalker x3  
  111  14:22  Immortal  
  122  14:24  Observer  
  74  14:49  Stalker  
  74  14:50  Stalker, Zealot  
Show
View Real Time Build Order
Export as new Build Order

Subwaymaker Protoss - Winner!

Build Orders:  

Get SALT Encoding   

  12  0:03  Probe  
  13  0:15  Probe  
  13  0:21  Pylon  
  14  0:28  Probe  
  15  0:40  Probe  
  16  0:48  Gateway  
  16  0:50  Probe  
  17  0:58  Probe  
  17  1:01  Assimilator  
  18  1:07  Probe  
  19  1:17  Pylon  
  19  1:19  Probe  
  19  1:24  Gateway  
  20  1:32  Probe  
  21  1:38  Cybernetics Core  
  21  1:44  Probe  
  21  1:45  Assimilator  
  23  2:01  Probe  
  23  2:14  Adept  
  25  2:15  Adept  
  25  2:17  Warp Gate  
  27  2:29  Probe, Nexus  
  28  2:37  Probe  
  29  2:51  Gateway  
  29  2:53  Pylon  
  29  2:56  Sentry  
  31  3:11  Sentry  
  33  3:18  Gateway  
  33  3:41  Pylon  
  33  3:49  Pylon  
  31  4:09  Zealot  
  33  4:10  Zealot x2  
  31  4:37  Pylon  
  27  4:40  Stalker x3  
  31  4:52  Sentry  
  33  5:07  Sentry x2  
  33  5:09  Stalker  
  39  5:21  Stalker  
  37  5:38  Stalker  
  37  5:39  Stalker x2  
  35  5:58  Stalker  
  35  6:02  Sentry x3  
  43  6:08  Probe x2  
  43  6:16  Probe x2  
  47  6:26  Probe  
  47  6:27  Twilight Council  
  47  6:30  Robotics Facility  
  48  6:33  Assimilator  
  48  6:36  Assimilator  
  48  6:43  Shield Battery  
  48  6:45  Shield Battery  
  48  6:49  Sentry  
  48  6:50  Stalker x2  
  48  6:53  Probe  
  48  6:54  Probe  
  56  7:02  Charge, Probe x2  
  58  7:08  Immortal  
  58  7:10  Probe x2  
  64  7:26  Robotics Facility  
  64  7:28  Pylon  
  64  7:30  Pylon  
  64  7:39  Gateway  
  64  7:43  Probe x2  
  64  7:45  Gateway  
  64  7:50  Immortal  
  66  7:51  Probe  
  71  8:05  Stalker  
  71  8:06  Stalker  
  71  8:09  Zealot  
  71  8:12  Zealot  
  79  8:20  Probe x2  
  81  8:32  Probe  
  81  8:33  Probe  
  83  8:43  Blink  
  83  8:47  Pylon  
  83  8:58  Gateway  
  83  9:00  Gateway  
  83  9:05  Immortal  
  87  9:43  Observer  
  87  9:44  Observer  
  89  9:50  Nexus  
  89  9:53  Pylon  
  89  9:54  Assimilator  
  89  9:58  Assimilator  
  89  10:01  Pylon  
  89  10:03  Pylon  
  89  10:04  Observer  
  89  10:05  Pylon, Zealot x2  
  94  10:17  Immortal  
  94  10:20  Templar Archives  
  98  10:30  Zealot x5  
  108  10:39  Probe x2  
  110  10:51  Probe x2  
  110  10:56  High Templar x7  
  126  11:16  Archon x2  
  126  11:17  Archon  
  126  11:34  Gateway  
  126  11:36  Gateway  
  126  11:37  Gateway  
  126  11:40  Probe, Gateway  
  126  11:43  Gateway  
  126  11:46  High Templar  
  129  11:47  High Templar x4  
  129  11:53  Probe  
  138  11:59  Archon x2  
  138  12:04  Archon  
  138  12:05  Probe  
  139  12:11  Psionic Storm  
  139  12:16  Pylon  
  139  12:19  Pylon  
  139  12:25  Pylon  
  139  12:32  Zealot  
  139  12:34  Immortal x2  
  149  12:39  Zealot x4  
  157  12:48  Probe  
  157  12:49  Pylon  
  157  12:53  Pylon  
  157  12:56  Probe  
  159  13:06  Probe  
  159  13:08  High Templar x6  
  159  13:12  Zealot x3  
  178  13:18  Probe  
  179  13:26  Archon x2  
  179  13:27  Pylon, Archon  
  179  13:29  Pylon  
  179  13:30  Pylon  
  179  13:36  Immortal, Zealot  
  179  13:37  Immortal  
  189  13:58  Forge  
  189  14:00  Forge  
  189  14:05  Zealot x5  
  189  15:35  High Templar x4  
  191  15:36  High Templar  
Show
View Real Time Build Order
Export as new Build Order

Mesrob Terran - Winner!

Build Orders: Mech 

Get SALT Encoding   

  12  0:00  SCV  
  13  0:12  SCV  
  14  0:18  Supply Depot  
  14  0:25  SCV  
  15  0:39  SCV  
  15  0:40  Barracks  
  16  0:47  Refinery  
  16  0:52  SCV  
  17  1:04  SCV  
  18  1:16  SCV  
  19  1:28  Orbital Command  
  19  1:40  Command Center  
  19  1:46  Marine  
  20  1:57  Factory, SCV  
  21  2:09  SCV  
  21  2:13  Barracks Tech Lab  
  22  2:16  Supply Depot  
  22  2:30  SCV  
  23  2:49  SCV  
  23  2:50  Refinery, Engineering Bay  
  24  2:54  Orbital Command  
  24  3:01  SCV  
  24  3:02  Siege Tank  
  28  3:14  SCV  
  29  3:20  Missile Turret  
  29  3:23  SCV  
  29  3:26  SCV  
  31  3:34  Siege Tank  
  31  3:35  SCV  
  35  3:43  Refinery  
  35  3:45  Missile Turret  
  35  3:47  SCV  
  36  3:59  SCV  
  37  4:06  Siege Tank  
  37  4:15  Missile Turret  
  37  4:22  Marine  
  32  4:38  Siege Tank  
  33  4:57  SCV x2  
  30  5:09  SCV x2  
  30  5:10  Siege Tank  
  30  5:21  Marine, SCV x2  
  29  5:42  Siege Tank  
  23  6:07  SCV  
  24  6:14  Siege Tank  
  27  6:23  Marine  
  28  6:33  Supply Depot x3  
  28  6:44  Factory  
  28  6:47  Siege Tank  
  31  6:48  Factory  
  31  6:55  Supply Depot  
  31  6:56  Supply Depot  
  31  7:00  SCV, Armory  
  32  7:04  SCV  
  33  7:10  Supply Depot  
  33  7:12  SCV  
  34  7:16  Command Center  
  34  7:21  SCV  
  35  7:23  Refinery  
  35  7:24  SCV  
  36  7:33  SCV  
  36  7:35  Factory Reactor x2  
  36  7:37  SCV  
  38  7:41  Factory  
  38  7:45  SCV  
  38  7:49  SCV  
  40  7:57  SCV  
  41  8:01  SCV  
  42  8:07  Thor  
  42  8:09  SCV  
  42  8:11  Armory  
  49  8:13  SCV  
  49  8:16  Terran Vehicle Weapons Level 1  
  49  8:19  Hellbat x4  
  58  8:21  SCV  
  58  8:25  SCV  
  60  8:27  Supply Depot  
  60  8:32  Orbital Command  
  60  8:33  SCV  
  61  8:37  SCV  
  61  8:40  Marine  
  63  8:46  SCV  
  64  9:00  Terran Vehicle And Ship Armor Level 1  
  64  9:08  Supply Depot  
  62  9:30  Supply Depot  
  59  9:39  Missile Turret  
  59  9:44  Marine  
  57  9:49  Thor  
  63  9:59  Missile Turret  
  63  10:00  Factory Tech Lab  
  63  10:03  Factory  
  63  10:08  Factory  
  63  10:29  Missile Turret  
  63  10:48  Factory  
  63  10:50  Factory Tech Lab, Thor  
  63  10:51  Thor  
  63  10:53  Factory, Factory Tech Lab  
  63  10:54  Hellbat  
  77  11:00  SCV  
  77  11:02  Command Center  
  78  11:04  SCV  
  78  11:06  SCV  
  80  11:12  SCV  
  80  11:16  SCV  
  80  11:18  SCV  
  83  11:22  Thor  
  89  11:38  Refinery, SCV  
  90  11:46  Missile Turret  
  90  11:50  SCV  
  91  11:58  Factory Tech Lab, Factory Reactor  
  91  12:01  Refinery, Thor  
  91  12:02  SCV, Thor x2  
  91  12:07  Missile Turret  
  110  12:14  SCV  
  110  12:15  SCV  
  112  12:19  Supply Depot  
  112  12:20  Planetary Fortress, Supply Depot  
  112  12:21  Command Center  
  112  12:23  SCV  
  112  12:26  SCV  
  112  12:27  SCV  
  112  12:28  Missile Turret  
  117  12:30  Hellbat  
  117  12:32  Hellbat  
  117  12:35  SCV  
  120  12:38  SCV  
  120  12:39  SCV  
  120  12:42  Terran Vehicle And Ship Armor Level 2  
  120  12:44  Terran Vehicle Weapons Level 2  
  122  12:45  Supply Depot  
  122  12:46  Supply Depot  
  122  12:50  Smart Servos  
  122  12:52  Infernal Pre-Igniter  
  122  12:56  Hellbat x4  
  130  12:59  Hellbat  
  130  13:03  SCV x2  
  134  13:10  Refinery  
  134  13:18  Thor  
  140  13:24  Hellbat x2  
  140  13:25  Hellbat x4  
  152  13:36  Refinery  
  152  13:41  Planetary Fortress  
  152  13:46  Refinery  
  152  13:49  SCV  
  152  13:55  SCV x3  
  155  14:01  Thor  
  155  14:02  Thor  
  168  14:04  Thor  
  174  14:12  Refinery  
  173  14:36  Missile Turret  
  150  14:51  Thor x4  
  150  14:52  Thor  
  178  14:53  Hellbat x2  
  178  14:54  Hellbat x4  
  178  14:58  Missile Turret  
  184  15:15  Hellbat x4  
  184  15:18  Missile Turret  
Tags
 
Add a new tag
Caveats
  • Supply blocks, unpowered buildings, or Contaminate may cause inaccurate times.
  • Supply counts are checked every 10 seconds.